Washington Capitals vs Edmonton Oilers
Created - Friday, October 3, 2025 at 08:01
Goals
|
| Washington Capitals |
0 |
3 |
0 |
1 |
4 |
| Edmonton Oilers |
1 |
0 |
2 |
0 |
3 |
|
Shots
|
| Washington Capitals |
7 |
17 |
11 |
5 |
40 |
| Edmonton Oilers |
13 |
14 |
15 |
1 |
43 |
|
1st period
1. Edmonton Oilers , Jake DeBrusk 23 (Boone Jenner 32, Ryan McLeod 23) at 8:41
Penalties :
Tyler Myers (WSH) for Holding (Minor) at 2:58, Tanner Jeannot (EDM) for Tripping (Minor) at 13:28
2nd period
2. Washington Capitals , Fabian Zetterlund 6 (Stefan Noesen 16, Tyler Myers 11) at 1:17
3. Washington Capitals , Lars Eller 9 (Thomas Harley 15, Owen Tippett 15) at 6:17
4. Washington Capitals , Lars Eller 10 (Owen Tippett 16, Jamie Oleksiak 16) at 18:28
Penalties :
No Penalty
3rd period
5. Edmonton Oilers , Brock Boeser 19 (Brandon Carlo 19, Adrian Kempe 32) at 6:37 (PP)
6. Edmonton Oilers , Adrian Kempe 24 (Brock Boeser 29, Ryan McLeod 24) at 13:05
Penalties :
Lars Eller (WSH) for Tripping (Minor) at 2:48, Jamie Oleksiak (WSH) for Holding (Minor) at 6:02, Tom Wilson (WSH) for Holding (Minor) at 7:00, Tyler Myers (WSH) for Tripping (Minor) at 9:22, Adrian Kempe (EDM) for Tripping (Minor) at 17:59
Overtime #1
7. Washington Capitals , Nico Hischier 13 (Owen Tippett 17, John Carlson 24) at 0:36
Penalties :
No Penalty
Goalie Stats
Jake Oettinger (WSH), 23 saves from 25 shots - (0.920), W, 17-18-2, 30:06 minutes
Casey DeSmith (WSH), 17 saves from 18 shots - (0.944), 30:30 minutes
Juuse Saros (EDM), 36 saves from 40 shots - (0.900), OTL, 10-11-4, 60:36 minutes
Players Stats for Washington Capitals
Player Name G A P +/- PIM S H SB GA TA FO MP PP MP PK MP
------------------------------------------------------------------------------------
Alex Ovechkin 0 0 0 -2 0 4 2 0 1 0 0/1 16:19 1:57 0:00
Drake Batherson 0 0 0 0 0 5 0 0 0 0 0/0 16:42 2:01 0:30
Fabian Zetterlund 1 0 1 1 0 1 0 1 0 0 0/0 8:34 0:00 0:00
Ian Cole 0 0 0 0 0 1 1 1 0 0 0/0 23:43 0:45 4:30
Jamie Oleksiak 0 1 1 2 2 0 1 2 0 2 0/0 16:39 0:00 4:01
Jason Robertson 0 0 0 0 0 6 2 0 0 1 0/0 14:49 2:01 0:00
John Carlson 0 1 1 0 0 5 0 2 0 2 0/0 24:05 1:22 4:19
Lars Eller 2 0 2 2 2 2 1 0 0 0 6/12 14:52 0:00 2:59
Nick Foligno 0 0 0 2 0 1 1 0 0 0 0/0 16:55 1:15 3:51
Nick Jensen 0 0 0 2 0 1 0 1 0 1 0/0 12:21 0:00 0:11
Nico Hischier 1 0 1 -1 0 3 0 0 0 0 18/29 19:18 1:57 1:23
Owen Tippett 0 3 3 3 0 3 2 0 0 0 0/1 13:59 1:58 0:00
Sean Kuraly 0 0 0 1 0 0 1 1 0 0 1/3 11:27 0:00 4:12
Stefan Noesen 0 1 1 1 0 0 2 0 1 0 0/0 11:36 0:00 4:07
Thomas Harley 0 1 1 0 0 0 0 1 0 1 0/0 21:46 2:36 2:00
Tom Wilson 0 0 0 -2 2 4 2 1 1 0 0/1 16:19 1:57 0:00
Tomas Hertl 0 0 0 0 0 4 0 0 0 0 7/12 14:49 2:01 0:00
Tyler Myers 0 1 1 0 4 0 3 4 0 1 0/0 19:35 0:00 2:01
Players Stats for Edmonton Oilers
Player Name G A P +/- PIM S H SB GA TA FO MP PP MP PK MP
------------------------------------------------------------------------------------
Adrian Kempe 1 1 2 0 2 7 0 2 1 0 0/3 19:23 4:10 0:59
Boone Jenner 0 1 1 0 0 2 0 0 1 0 11/19 17:18 4:21 0:00
Brandon Carlo 0 1 1 -1 0 1 2 0 1 1 0/0 26:10 4:21 2:03
Brett Pesce 0 0 0 0 0 0 0 0 0 0 0/0 14:19 0:00 0:00
Brock Boeser 1 1 2 0 0 4 1 0 1 0 0/4 20:17 4:10 1:52
Corey Perry 0 0 0 -1 0 0 1 0 0 0 1/1 8:28 0:00 0:46
David Perron 0 0 0 -1 0 3 2 0 0 0 0/0 13:01 0:00 0:00
David Savard 0 0 0 -2 0 0 1 2 0 0 0/0 20:31 4:10 1:55
Dawson Mercer 0 0 0 0 0 1 0 0 1 0 0/0 17:45 4:21 0:27
Derek Ryan 0 0 0 -1 0 1 1 0 0 0 0/1 13:01 0:00 0:00
Drake Caggiula 0 0 0 -1 0 1 0 0 0 0 0/0 8:02 0:00 0:20
Evan Bouchard 0 0 0 -2 0 4 1 0 1 0 0/0 20:31 4:10 1:55
Jacob Trouba 0 0 0 0 0 3 1 2 0 1 0/0 25:46 4:21 2:03
Jake DeBrusk 1 0 1 0 0 6 3 2 0 0 1/3 19:16 4:21 1:46
Morgan Barron 0 0 0 -1 0 5 1 1 1 0 2/5 13:01 0:00 0:00
Ryan McLeod 0 2 2 1 0 1 2 0 0 1 9/19 19:33 4:10 1:46
Scott Mayfield 0 0 0 1 0 1 0 2 0 0 0/0 13:55 0:00 0:00
Tanner Jeannot 0 0 0 -1 2 3 0 0 1 0 3/4 8:07 0:00 0:00
3 Stars
1 - Owen Tippett (WSH)
2 - Lars Eller (WSH)
3 - Brock Boeser (EDM)
Power Play
Washington Capitals - 0 on 2 Attempt(s) - 0.00%
Edmonton Oilers - 1 on 5 Attempt(s) - 20.00%
Penalty Kill
Washington Capitals - 4 on 5 Attempt(s) - 80.00%
- Score 0 goal in Penalty Kill
Edmonton Oilers - 2 on 2 Attempt(s) - 100.00%
- Score 0 goal in Penalty Kill
Team Stat
Washington Capitals - Hits : 18 - Faceoff Wins : 32 - Blocked Shots : 14 - Penalty Minutes : 10
Edmonton Oilers - Hits : 16 - Faceoff Wins : 27 - Blocked Shots : 11 - Penalty Minutes : 4
Official
Referees : Kevin Pollock and Chris Rooney
Linesman : Bevan Mills and Kyle Flemington
Game Notes
Casey DeSmith is injured at 10:30 of 2nd period (Sports Hernia)
Jake Oettinger enters game at 10:30 of 2nd period
Finance
Level 1 -- Attendance: 6000 (100.00%) -- Ticket Income $540,000
Level 2 -- Attendance: 4901 (98.02%) -- Ticket Income $245,050
Level 3 -- Attendance: 2865 (95.50%) -- Ticket Income $85,950
Level 4 -- Attendance: 4717 (94.34%) -- Ticket Income $94,340
Luxury Box -- Attendance: 936 (93.60%) -- Ticket Income $177,840
Game was played at the Rexall Place.
Total Attendance: 19419 (97.10%)
Total Ticket Income: $1,143,180
Other Income: $400,113
Total Income: $1,543,293
Washington Capitals
5 vs 5 Forward
Center Left Wing Right Wing Time % Phy DF OF
1 Nico Hischier Alex Ovechkin Tom Wilson 33 1 1 3
2 Tomas Hertl Drake Batherson Jason Robertson 31 0 1 4
3 Lars Eller Owen Tippett Nick Foligno 25 1 2 2
4 Sean Kuraly Stefan Noesen Fabian Zetterlund 11 2 0 3
5 vs 5 Defense
Defense Defense Time % Phy DF OF
1 John Carlson Ian Cole 38 0 2 3
2 Thomas Harley Tyler Myers 35 0 2 3
3 Jamie Oleksiak Nick Jensen 27 0 3 2
4 Jamie Oleksiak Nick Jensen 0 1 2 2
PowerPlay Forward
Center Left Wing Right Wing Time % Phy DF OF
1 Nico Hischier Alex Ovechkin Tom Wilson 50 0 0 5
2 Tomas Hertl Drake Batherson Jason Robertson 50 0 0 5
PowerPlay Defense
Defense Defense Time % Phy DF OF
1 John Carlson Nick Foligno 50 0 2 3
2 Thomas Harley Owen Tippett 50 0 2 3
Penalty Kill 4 Players Forward
Center Wing Time % Phy DF OF
1 Lars Eller Nick Foligno 50 0 3 2
2 Sean Kuraly Stefan Noesen 50 0 3 2
Penalty Kill 4 Players Defense
Defense Defense Time % Phy DF OF
1 John Carlson Ian Cole 50 0 4 1
2 Jamie Oleksiak Tyler Myers 50 0 4 1
Penalty Kill - 3 Players Forward
Forward Time % Phy DF OF
1 Nick Foligno 50 0 5 0
2 Lars Eller 50 0 5 0
Penalty Kill - 3 Players Defense
Defense Defense Time % Phy DF OF
1 John Carlson Ian Cole 50 2 3 0
2 Jamie Oleksiak Tyler Myers 50 3 2 0
4 vs 4 Forward
Center Wing Time % Phy DF OF
1 Nico Hischier Owen Tippett 50 0 1 4
2 Tomas Hertl Jason Robertson 50 0 1 4
4 vs 4 Defense
Defense Defense Time % Phy DF OF
1 John Carlson Ian Cole 50 0 2 3
2 Thomas Harley Tyler Myers 50 0 2 3
Last Minutes Offensive
Center Left Wing Right Wing Defense Defense
Nico Hischier Tomas Hertl Alex Ovechkin Thomas Harley Jason Robertson
Last Minutes Defensive
Center Left Wing Right Wing Defense Defense
Nico Hischier Nick Foligno Tom Wilson Ian Cole Jamie Oleksiak
Goaltenders
Starting : Casey DeSmith
Backup : Jake Oettinger
Extra Forwards
Normal : Fabian Zetterlund, Stefan Noesen, Sean Kuraly - PP : Fabian Zetterlund, Stefan Noesen - PK : Nico Hischier
Extra Defensemen
Normal : Jamie Oleksiak, Nick Jensen, Tyler Myers - PP : Ian Cole - PK : Thomas Harley, Nick Jensen
Penalty Shots
Jason Robertson, Fabian Zetterlund, Owen Tippett, Alex Ovechkin, Drake Batherson
Scratches
James van Riemsdyk (Healthy), Calvin Pickard (Healthy)
Edmonton Oilers
5 vs 5 Forward
Center Left Wing Right Wing Time % Phy DF OF
1 Ryan McLeod Adrian Kempe Brock Boeser 30 1 2 2
2 Boone Jenner Jake DeBrusk Dawson Mercer 30 1 2 2
3 Morgan Barron Derek Ryan David Perron 25 1 2 2
4 Tanner Jeannot Drake Caggiula Corey Perry 15 1 2 2
5 vs 5 Defense
Defense Defense Time % Phy DF OF
1 Jacob Trouba Brandon Carlo 30 1 2 2
2 David Savard Evan Bouchard 30 1 2 2
3 Scott Mayfield Brett Pesce 25 1 2 2
4 Jacob Trouba Brandon Carlo 15 1 2 2
PowerPlay Forward
Center Left Wing Right Wing Time % Phy DF OF
1 Ryan McLeod Adrian Kempe Brock Boeser 50 1 2 2
2 Boone Jenner Jake DeBrusk Dawson Mercer 50 1 2 2
PowerPlay Defense
Defense Defense Time % Phy DF OF
1 Jacob Trouba Brandon Carlo 50 1 2 2
2 David Savard Evan Bouchard 50 1 2 2
Penalty Kill 4 Players Forward
Center Wing Time % Phy DF OF
1 Adrian Kempe Brock Boeser 50 1 2 2
2 Jake DeBrusk Ryan McLeod 50 1 2 2
Penalty Kill 4 Players Defense
Defense Defense Time % Phy DF OF
1 Jacob Trouba Brandon Carlo 50 1 2 2
2 David Savard Evan Bouchard 50 1 2 2
Penalty Kill - 3 Players Forward
Forward Time % Phy DF OF
1 Adrian Kempe 50 1 2 2
2 Brock Boeser 50 1 2 2
Penalty Kill - 3 Players Defense
Defense Defense Time % Phy DF OF
1 Jacob Trouba Brandon Carlo 50 1 2 2
2 David Savard Evan Bouchard 50 1 2 2
4 vs 4 Forward
Center Wing Time % Phy DF OF
1 Adrian Kempe Brock Boeser 50 1 2 2
2 Jake DeBrusk Ryan McLeod 50 1 2 2
4 vs 4 Defense
Defense Defense Time % Phy DF OF
1 Brett Pesce Brandon Carlo 50 1 2 2
2 David Savard Evan Bouchard 50 1 2 2
Last Minutes Offensive
Center Left Wing Right Wing Defense Defense
Ryan McLeod Adrian Kempe Brock Boeser Jacob Trouba Brandon Carlo
Last Minutes Defensive
Center Left Wing Right Wing Defense Defense
Ryan McLeod Adrian Kempe Brock Boeser Jacob Trouba Brandon Carlo
Goaltenders
Starting : Juuse Saros
Backup : Karel Vejmelka
Extra Forwards
Normal : Morgan Barron, David Perron, Corey Perry - PP : Morgan Barron, David Perron - PK : Corey Perry
Extra Defensemen
Normal : Brandon Carlo, Brett Pesce, David Savard - PP : Brandon Carlo - PK : Brett Pesce, David Savard
Penalty Shots
Adrian Kempe, Brock Boeser, Jake DeBrusk, David Perron, Ryan McLeod
Scratches
Luke Hughes (Healthy), Troy Stecher (Healthy), Jeff Carter (Healthy), Dylan Holloway (Sprained Left Knee Injury), Jonathan Quick (Healthy)
% Time on Ice - Washington Capitals
Lines # - Real PCT - Wanted PCT - Time Play
Normal Forward
1 - 31% - 33% - 14:34
2 - 29% - 31% - 14:01
3 - 25% - 25% - 11:42
4 - 15% - 11% - 7:14
Normal Defense
1 - 38% - 38% - 18:00
2 - 37% - 35% - 17:25
3 - 25% - 27% - 12:06
4 - 0% - 0% - 0:00
PP Forward
1 - 49% - 50% - 1:57
2 - 51% - 50% - 2:01
PP Defense
1 - 34% - 50% - 1:22
2 - 66% - 50% - 2:36
PK Forward
1 - 50% - 50% - 4:13
2 - 50% - 50% - 4:18
PK Defense
1 - 51% - 50% - 4:19
2 - 49% - 50% - 4:12
PK3 Forward
1 - 0% - 50%
2 - 0% - 50%
PK3 Defense
1 - 0% - 50%
2 - 0% - 50%
44 Forward
1 - 67% - 50% - 0:24
2 - 33% - 50% - 0:12
44 Defense
1 - 67% - 50% - 0:24
2 - 33% - 50% - 0:12
Last Minute Offensive - 0:00
Last Minute Defensive - 0:00
Total
Forward - 60:36
Defense - 60:36
|
% Time on Ice - Edmonton Oilers
Lines # - Real PCT - Wanted PCT - Time Play
Normal Forward
1 - 29% - 30% - 13:51
2 - 27% - 30% - 12:57
3 - 27% - 25% - 13:01
4 - 16% - 15% - 7:42
Normal Defense
1 - 29% - 30% - 13:56
2 - 30% - 30% - 14:14
3 - 29% - 25% - 13:55
4 - 11% - 15% - 5:26
PP Forward
1 - 49% - 50% - 4:10
2 - 51% - 50% - 4:21
PP Defense
1 - 51% - 50% - 4:21
2 - 49% - 50% - 4:10
PK Forward
1 - 55% - 50% - 2:12
2 - 45% - 50% - 1:46
PK Defense
1 - 52% - 50% - 2:03
2 - 48% - 50% - 1:55
PK3 Forward
1 - 0% - 50%
2 - 0% - 50%
PK3 Defense
1 - 0% - 50%
2 - 0% - 50%
44 Forward
1 - 67% - 50% - 0:24
2 - 33% - 50% - 0:12
44 Defense
1 - 67% - 50% - 0:24
2 - 33% - 50% - 0:12
Last Minute Offensive - 0:00
Last Minute Defensive - 0:00
Total
Forward - 60:36
Defense - 60:36
|
Play-by-Play
1st period
0:01 of 1st period - Ryan McLeod wins face-off versus Nico Hischier in neutral zone.
0:10 of 1st period - Wrist shot by Brock Boeser.
0:10 of 1st period - Shot Misses the Net.
0:14 of 1st period - Snap shot by Ryan McLeod.
0:14 of 1st period - Deflect By Brock Boeser.
0:14 of 1st period - Shot Misses the Net.
0:14 of 1st period - Puck is out of play.
0:15 of 1st period - Tomas Hertl wins face-off versus Boone Jenner in Washington Capitals zone.
0:40 of 1st period - David Savard is hit by Tyler Myers and loses puck.
1:33 of 1st period - Snap shot by Nico Hischier.
1:33 of 1st period - Shot Misses the Net.
1:35 of 1st period - Snap shot by Jamie Oleksiak.
1:35 of 1st period - Shot Blocked by David Savard.
2:08 of 1st period - Wrist shot by Morgan Barron.
2:08 of 1st period - Shot Misses the Net.
2:56 of 1st period - Wrist shot by Adrian Kempe.
2:56 of 1st period - Stopped by Casey DeSmith with a rebound.
2:58 of 1st period - Minor Penalty to Tyler Myers for Holding.
2:59 of 1st period - Lars Eller wins face-off versus Ryan McLeod in Washington Capitals zone.
3:58 of 1st period - Jacob Trouba is hit by Sean Kuraly.
4:58 of 1st period - Penalty to Tyler Myers is over, Tyler Myers is back on ice.
5:04 of 1st period - Icing by Nick Jensen.
5:05 of 1st period - Nico Hischier wins face-off versus Derek Ryan in Washington Capitals zone.
6:21 of 1st period - Slapshot by Morgan Barron.
6:21 of 1st period - Stopped by Casey DeSmith without a rebound.
6:22 of 1st period - Lars Eller wins face-off versus Boone Jenner in Washington Capitals zone.
6:55 of 1st period - Off-side.
6:56 of 1st period - Ryan McLeod wins face-off versus Lars Eller in neutral zone.
7:42 of 1st period - John Carlson is hit by Jake DeBrusk and loses puck.
8:01 of 1st period - Wrist shot by Drake Batherson.
8:01 of 1st period - Stopped by Juuse Saros without a rebound.
8:02 of 1st period - Ryan McLeod wins face-off versus Lars Eller in Edmonton Oilers zone.
8:13 of 1st period - Snap shot by Adrian Kempe.
8:13 of 1st period - Shot Misses the Net.
8:41 of 1st period - Snap shot by Jake DeBrusk.
8:41 of 1st period - Goal by Jake DeBrusk - Washington Capitals : 0 - Edmonton Oilers : 1.
8:42 of 1st period - Boone Jenner wins face-off versus Nico Hischier in neutral zone.
8:51 of 1st period - Jamie Oleksiak is hit by Jake DeBrusk.
9:38 of 1st period - Snap shot by Jason Robertson.
9:38 of 1st period - Stopped by Juuse Saros with a rebound.
9:52 of 1st period - Backhand shot by Tanner Jeannot.
9:52 of 1st period - Stopped by Casey DeSmith without a rebound.
9:53 of 1st period - Tanner Jeannot wins face-off versus Tom Wilson in Washington Capitals zone.
10:04 of 1st period - Slapshot by Drake Caggiula.
10:04 of 1st period - Shot Misses the Net.
10:06 of 1st period - Slapshot by Evan Bouchard.
10:06 of 1st period - Stopped by Casey DeSmith without a rebound.
10:07 of 1st period - Jake DeBrusk wins face-off versus Nico Hischier in Washington Capitals zone.
10:32 of 1st period - Ian Cole is hit by Brandon Carlo and loses puck.
10:37 of 1st period - Snap shot by Adrian Kempe.
10:37 of 1st period - Stopped by Casey DeSmith without a rebound.
10:38 of 1st period - Ryan McLeod wins face-off versus Tomas Hertl in Washington Capitals zone.
10:47 of 1st period - Snap shot by Tomas Hertl.
10:47 of 1st period - Stopped by Juuse Saros without a rebound.
10:48 of 1st period - Ryan McLeod wins face-off versus Tomas Hertl in Edmonton Oilers zone.
10:55 of 1st period - Wrist shot by Adrian Kempe.
10:55 of 1st period - Stopped by Casey DeSmith with a rebound.
10:57 of 1st period - Wrist shot by Jacob Trouba.
10:57 of 1st period - Shot Misses the Net.
10:59 of 1st period - Snap shot by Ryan McLeod.
10:59 of 1st period - Stopped by Casey DeSmith with a rebound.
11:01 of 1st period - Slapshot by Brock Boeser.
11:01 of 1st period - Shot Misses the Net.
11:03 of 1st period - Wrist shot by Brock Boeser.
11:03 of 1st period - Stopped by Casey DeSmith with a rebound.
11:10 of 1st period - Icing by Jason Robertson.
11:11 of 1st period - Boone Jenner wins face-off versus Tomas Hertl in Washington Capitals zone.
11:12 of 1st period - Snap shot by Dawson Mercer.
11:12 of 1st period - Shot Blocked by Tyler Myers.
11:14 of 1st period - Snap shot by Dawson Mercer.
11:14 of 1st period - Shot Misses the Net.
12:00 of 1st period - Backhand shot by Alex Ovechkin.
12:00 of 1st period - Stopped by Juuse Saros without a rebound.
12:01 of 1st period - Nico Hischier wins face-off versus Boone Jenner in Edmonton Oilers zone.
12:04 of 1st period - Wrist shot by Nico Hischier.
12:04 of 1st period - Stopped by Juuse Saros without a rebound.
12:05 of 1st period - Boone Jenner wins face-off versus Alex Ovechkin in Edmonton Oilers zone.
12:20 of 1st period - Snap shot by Jake DeBrusk.
12:20 of 1st period - Stopped by Casey DeSmith without a rebound.
12:21 of 1st period - Lars Eller wins face-off versus Adrian Kempe in Washington Capitals zone.
12:47 of 1st period - Nick Foligno is hit by Brandon Carlo and loses puck.
13:28 of 1st period - Minor Penalty to Tanner Jeannot for Tripping.
13:29 of 1st period - Nico Hischier wins face-off versus Brock Boeser in Edmonton Oilers zone.
15:28 of 1st period - Penalty to Tanner Jeannot is over, Tanner Jeannot is back on ice.
15:38 of 1st period - Wrist shot by Brock Boeser.
15:38 of 1st period - Stopped by Casey DeSmith with a rebound.
15:48 of 1st period - Adrian Kempe is hit by Stefan Noesen and loses puck.
16:31 of 1st period - Snap shot by David Perron.
16:31 of 1st period - Shot Misses the Net.
16:33 of 1st period - Snap shot by Derek Ryan.
16:33 of 1st period - Shot Blocked by Thomas Harley.
16:45 of 1st period - Wrist shot by Tanner Jeannot.
16:45 of 1st period - Stopped by Casey DeSmith without a rebound.
16:46 of 1st period - Nico Hischier wins face-off versus Tanner Jeannot in Washington Capitals zone.
16:51 of 1st period - Snap shot by Tom Wilson.
16:51 of 1st period - Stopped by Juuse Saros without a rebound.
16:52 of 1st period - Nico Hischier wins face-off versus Boone Jenner in Edmonton Oilers zone.
17:01 of 1st period - Wrist shot by Nico Hischier.
17:01 of 1st period - Deflect By Evan Bouchard.
17:01 of 1st period - Stopped by Juuse Saros with a rebound.
17:07 of 1st period - Snap shot by Boone Jenner.
17:07 of 1st period - Stopped by Casey DeSmith with a rebound.
17:17 of 1st period - John Carlson is hit by Brock Boeser and loses puck.
18:00 of 1st period - Nick Foligno is hit by Corey Perry and loses puck.
18:25 of 1st period - Tyler Myers is hit by David Savard.
19:06 of 1st period - Wrist shot by Morgan Barron.
19:06 of 1st period - Shot Misses the Net.
19:50 of 1st period - Nick Jensen is hit by Jake DeBrusk and loses puck.
Goals for this period are 0 for Washington Capitals vs 1 for Edmonton Oilers.
Shots for this period are 7 for Washington Capitals vs 13 for Edmonton Oilers.
2nd period
0:01 of 2nd period - Nico Hischier wins face-off versus Ryan McLeod in neutral zone.
0:10 of 2nd period - Slapshot by Tom Wilson.
0:10 of 2nd period - Shot Blocked by Adrian Kempe.
0:26 of 2nd period - Jacob Trouba is hit by Jason Robertson and loses puck.
0:47 of 2nd period - Nick Foligno is hit by Morgan Barron and loses puck.
0:52 of 2nd period - Snap shot by Morgan Barron.
0:52 of 2nd period - Shot Misses the Net.
0:54 of 2nd period - Snap shot by Derek Ryan.
0:54 of 2nd period - Shot Misses the Net.
0:56 of 2nd period - Slapshot by Evan Bouchard.
0:56 of 2nd period - Shot Misses the Net.
1:06 of 2nd period - Corey Perry is hit by Stefan Noesen and loses puck.
1:17 of 2nd period - Slapshot by Fabian Zetterlund.
1:17 of 2nd period - Goal by Fabian Zetterlund - Washington Capitals : 1 - Edmonton Oilers : 1.
1:18 of 2nd period - Ryan McLeod wins face-off versus Nico Hischier in neutral zone.
1:21 of 2nd period - John Carlson is hit by Ryan McLeod and loses puck.
1:34 of 2nd period - Slapshot by Tom Wilson.
1:34 of 2nd period - Stopped by Juuse Saros without a rebound.
1:35 of 2nd period - Tomas Hertl wins face-off versus Boone Jenner in Edmonton Oilers zone.
1:36 of 2nd period - Snap shot by Drake Batherson.
1:36 of 2nd period - Shot Misses the Net.
2:16 of 2nd period - Snap shot by Drake Batherson.
2:16 of 2nd period - Stopped by Juuse Saros with a rebound.
2:18 of 2nd period - Slapshot by Ian Cole.
2:18 of 2nd period - Shot Blocked by Morgan Barron.
2:20 of 2nd period - Snap shot by Jason Robertson.
2:20 of 2nd period - Shot Misses the Net.
2:22 of 2nd period - Snap shot by Ian Cole.
2:22 of 2nd period - Shot Hit the Post.
2:24 of 2nd period - Slapshot by John Carlson.
2:24 of 2nd period - Stopped by Juuse Saros with a rebound.
2:26 of 2nd period - Wrist shot by Jason Robertson.
2:26 of 2nd period - Stopped by Juuse Saros without a rebound.
2:27 of 2nd period - Nico Hischier wins face-off versus Ryan McLeod in Edmonton Oilers zone.
2:42 of 2nd period - Wrist shot by Ryan McLeod.
2:42 of 2nd period - Deflect By Adrian Kempe.
2:42 of 2nd period - Stopped by Casey DeSmith with a rebound.
2:54 of 2nd period - Brandon Carlo is hit by Tyler Myers and loses puck.
4:23 of 2nd period - Slapshot by Fabian Zetterlund.
4:23 of 2nd period - Shot Blocked by Jake DeBrusk.
4:25 of 2nd period - Slapshot by Jamie Oleksiak.
4:25 of 2nd period - Shot Blocked by David Savard.
4:27 of 2nd period - Slapshot by Nick Jensen.
4:27 of 2nd period - Stopped by Juuse Saros with a rebound.
5:04 of 2nd period - Snap shot by Lars Eller.
5:04 of 2nd period - Shot Misses the Net.
5:32 of 2nd period - Snap shot by Drake Batherson.
5:32 of 2nd period - Stopped by Juuse Saros with a rebound.
6:01 of 2nd period - Icing by Sean Kuraly.
6:02 of 2nd period - Lars Eller wins face-off versus Morgan Barron in Washington Capitals zone.
6:17 of 2nd period - Slapshot by Thomas Harley.
6:17 of 2nd period - Deflect By Lars Eller.
6:17 of 2nd period - Goal by Lars Eller - Washington Capitals : 2 - Edmonton Oilers : 1.
6:18 of 2nd period - Nico Hischier wins face-off versus Ryan McLeod in neutral zone.
6:55 of 2nd period - Snap shot by Jake DeBrusk.
6:55 of 2nd period - Shot Blocked by Tyler Myers.
7:17 of 2nd period - Slapshot by David Perron.
7:17 of 2nd period - Stopped by Casey DeSmith with a rebound.
7:52 of 2nd period - Wrist shot by Nico Hischier.
7:52 of 2nd period - Shot Misses the Net.
8:24 of 2nd period - Wrist shot by Jake DeBrusk.
8:24 of 2nd period - Stopped by Casey DeSmith with a rebound.
8:36 of 2nd period - Icing by Jacob Trouba.
8:37 of 2nd period - Morgan Barron wins face-off versus Lars Eller in Edmonton Oilers zone.
8:50 of 2nd period - Jamie Oleksiak is hit by David Perron and loses puck.
8:59 of 2nd period - David Perron is hit by Owen Tippett and loses puck.
9:12 of 2nd period - Wrist shot by Owen Tippett.
9:12 of 2nd period - Shot Blocked by Jacob Trouba.
9:14 of 2nd period - Slapshot by John Carlson.
9:14 of 2nd period - Stopped by Juuse Saros without a rebound.
9:15 of 2nd period - Boone Jenner wins face-off versus Nico Hischier in Edmonton Oilers zone.
9:30 of 2nd period - Slapshot by Tom Wilson.
9:30 of 2nd period - Stopped by Juuse Saros with a rebound.
9:32 of 2nd period - Slapshot by Ian Cole.
9:32 of 2nd period - Shot Blocked by Scott Mayfield.
10:01 of 2nd period - Slapshot by Evan Bouchard.
10:01 of 2nd period - Shot Blocked by Sean Kuraly.
10:03 of 2nd period - Slapshot by David Savard.
10:03 of 2nd period - Shot Misses the Net.
10:05 of 2nd period - Slapshot by Evan Bouchard.
10:05 of 2nd period - Shot Misses the Net.
10:07 of 2nd period - Wrist shot by Drake Caggiula.
10:07 of 2nd period - Stopped by Casey DeSmith without a rebound.
10:08 of 2nd period - Corey Perry wins face-off versus Nico Hischier in Washington Capitals zone.
10:30 of 2nd period - Wrist shot by Tanner Jeannot.
10:30 of 2nd period - Stopped by Casey DeSmith with a rebound.
10:30 of 2nd period - Casey DeSmith from Washington Capitals is injured at 10:30 of 2nd period (Sports Hernia).
10:30 of 2nd period - Jake Oettinger enters game.
10:31 of 2nd period - Boone Jenner wins face-off versus Nico Hischier in Washington Capitals zone.
10:32 of 2nd period - Snap shot by Jake DeBrusk.
10:32 of 2nd period - Stopped by Jake Oettinger with a rebound.
10:34 of 2nd period - Slapshot by Dawson Mercer.
10:34 of 2nd period - Shot Misses the Net.
10:36 of 2nd period - Snap shot by Jacob Trouba.
10:36 of 2nd period - Shot Blocked by Tyler Myers.
10:38 of 2nd period - Slapshot by Brandon Carlo.
10:38 of 2nd period - Shot Blocked by Tyler Myers.
10:40 of 2nd period - Snap shot by Brandon Carlo.
10:40 of 2nd period - Shot Misses the Net.
10:42 of 2nd period - Slapshot by Jacob Trouba.
10:42 of 2nd period - Deflect By Thomas Harley.
10:42 of 2nd period - Stopped by Jake Oettinger with a rebound.
10:44 of 2nd period - Wrist shot by Dawson Mercer.
10:44 of 2nd period - Deflect By Jake DeBrusk.
10:44 of 2nd period - Shot Misses the Net.
10:44 of 2nd period - Puck is out of play.
10:45 of 2nd period - Nico Hischier wins face-off versus Brock Boeser in Washington Capitals zone.
11:36 of 2nd period - Snap shot by Morgan Barron.
11:36 of 2nd period - Stopped by Jake Oettinger with a rebound.
11:52 of 2nd period - Drake Caggiula is hit by Tyler Myers and loses puck.
11:59 of 2nd period - Snap shot by Evan Bouchard.
11:59 of 2nd period - Stopped by Jake Oettinger with a rebound.
12:23 of 2nd period - Wrist shot by Thomas Harley.
12:23 of 2nd period - Shot Blocked by Adrian Kempe.
13:15 of 2nd period - David Perron is hit by Alex Ovechkin and loses puck.
13:22 of 2nd period - Snap shot by Alex Ovechkin.
13:22 of 2nd period - Shot Misses the Net.
13:24 of 2nd period - Snap shot by Tom Wilson.
13:24 of 2nd period - Shot Blocked by Scott Mayfield.
13:58 of 2nd period - Ryan McLeod is hit by Jamie Oleksiak and loses puck.
14:34 of 2nd period - Off-side.
14:35 of 2nd period - Boone Jenner wins face-off versus Lars Eller in neutral zone.
14:43 of 2nd period - Off-side.
14:44 of 2nd period - Boone Jenner wins face-off versus Nico Hischier in neutral zone.
15:05 of 2nd period - Wrist shot by Jake DeBrusk.
15:05 of 2nd period - Shot Hit the Post.
15:19 of 2nd period - Wrist shot by Dawson Mercer.
15:19 of 2nd period - Shot Misses the Net.
15:21 of 2nd period - Slapshot by Boone Jenner.
15:21 of 2nd period - Shot Misses the Net.
15:23 of 2nd period - Snap shot by Jake DeBrusk.
15:23 of 2nd period - Shot Blocked by Ian Cole.
15:25 of 2nd period - Snap shot by Jake DeBrusk.
15:25 of 2nd period - Shot Blocked by John Carlson.
15:43 of 2nd period - Wrist shot by Boone Jenner.
15:43 of 2nd period - Shot Misses the Net.
15:45 of 2nd period - Slapshot by Jacob Trouba.
15:45 of 2nd period - Shot Blocked by Tom Wilson.
15:47 of 2nd period - Snap shot by Jacob Trouba.
15:47 of 2nd period - Deflect By John Carlson.
15:47 of 2nd period - Stopped by Jake Oettinger with a rebound.
15:49 of 2nd period - Snap shot by Dawson Mercer.
15:49 of 2nd period - Shot Misses the Net.
15:51 of 2nd period - Backhand shot by Boone Jenner.
15:51 of 2nd period - Stopped by Jake Oettinger with a rebound.
15:53 of 2nd period - Slapshot by Brandon Carlo.
15:53 of 2nd period - Shot Misses the Net.
15:55 of 2nd period - Slapshot by Brandon Carlo.
15:55 of 2nd period - Deflect By Tom Wilson.
15:55 of 2nd period - Stopped by Jake Oettinger without a rebound.
15:56 of 2nd period - Tomas Hertl wins face-off versus Ryan McLeod in Washington Capitals zone.
16:13 of 2nd period - Snap shot by Adrian Kempe.
16:13 of 2nd period - Stopped by Jake Oettinger with a rebound.
16:38 of 2nd period - Wrist shot by Derek Ryan.
16:38 of 2nd period - Stopped by Jake Oettinger with a rebound.
17:13 of 2nd period - Snap shot by Jason Robertson.
17:13 of 2nd period - Stopped by Juuse Saros with a rebound.
17:15 of 2nd period - Snap shot by Tomas Hertl.
17:15 of 2nd period - Stopped by Juuse Saros without a rebound.
17:16 of 2nd period - Lars Eller wins face-off versus Ryan McLeod in Edmonton Oilers zone.
17:17 of 2nd period - Snap shot by Owen Tippett.
17:17 of 2nd period - Shot Misses the Net.
17:19 of 2nd period - Snap shot by Nick Foligno.
17:19 of 2nd period - Shot Misses the Net.
17:21 of 2nd period - Slapshot by Jamie Oleksiak.
17:21 of 2nd period - Shot Misses the Net.
17:23 of 2nd period - Wrist shot by Nick Jensen.
17:23 of 2nd period - Deflect By Nick Foligno.
17:23 of 2nd period - Shot Misses the Net.
17:23 of 2nd period - Puck is out of play.
17:24 of 2nd period - Boone Jenner wins face-off versus Lars Eller in Edmonton Oilers zone.
17:39 of 2nd period - Jacob Trouba is hit by Lars Eller and loses puck.
18:10 of 2nd period - Slapshot by Owen Tippett.
18:10 of 2nd period - Shot Blocked by Jacob Trouba.
18:12 of 2nd period - Snap shot by Nick Foligno.
18:12 of 2nd period - Shot Misses the Net.
18:18 of 2nd period - Slapshot by Nick Foligno.
18:18 of 2nd period - Stopped by Juuse Saros with a rebound.
18:20 of 2nd period - Wrist shot by Nick Foligno.
18:20 of 2nd period - Shot Blocked by Jake DeBrusk.
18:24 of 2nd period - Wrist shot by Owen Tippett.
18:24 of 2nd period - Shot Misses the Net.
18:26 of 2nd period - Snap shot by Owen Tippett.
18:26 of 2nd period - Stopped by Juuse Saros with a rebound.
18:28 of 2nd period - Wrist shot by Lars Eller.
18:28 of 2nd period - Deflect By Boone Jenner.
18:28 of 2nd period - Goal by Lars Eller - Washington Capitals : 3 - Edmonton Oilers : 1.
18:29 of 2nd period - Ryan McLeod wins face-off versus Nico Hischier in neutral zone.
18:32 of 2nd period - Slapshot by Evan Bouchard.
18:32 of 2nd period - Shot Blocked by John Carlson.
18:34 of 2nd period - Slapshot by David Savard.
18:34 of 2nd period - Shot Misses the Net.
18:36 of 2nd period - Wrist shot by Ryan McLeod.
18:36 of 2nd period - Shot Misses the Net.
19:00 of 2nd period - Snap shot by Tomas Hertl.
19:00 of 2nd period - Stopped by Juuse Saros with a rebound.
19:02 of 2nd period - Snap shot by Jason Robertson.
19:02 of 2nd period - Stopped by Juuse Saros with a rebound.
19:04 of 2nd period - Slapshot by John Carlson.
19:04 of 2nd period - Shot Misses the Net.
Goals for this period are 3 for Washington Capitals vs 0 for Edmonton Oilers.
Shots for this period are 17 for Washington Capitals vs 14 for Edmonton Oilers.
3rd period
0:01 of 3rd period - Nico Hischier wins face-off versus Ryan McLeod in neutral zone.
1:01 of 3rd period - Backhand shot by Morgan Barron.
1:01 of 3rd period - Shot Blocked by Jamie Oleksiak.
1:11 of 3rd period - Wrist shot by Drake Batherson.
1:11 of 3rd period - Stopped by Juuse Saros without a rebound.
1:12 of 3rd period - Tanner Jeannot wins face-off versus Tomas Hertl in Edmonton Oilers zone.
1:23 of 3rd period - Wrist shot by Jason Robertson.
1:23 of 3rd period - Stopped by Juuse Saros with a rebound.
1:37 of 3rd period - Brock Boeser is hit by Owen Tippett.
2:01 of 3rd period - Wrist shot by Jake DeBrusk.
2:01 of 3rd period - Shot Misses the Net.
2:03 of 3rd period - Slapshot by Dawson Mercer.
2:03 of 3rd period - Stopped by Jake Oettinger with a rebound.
2:05 of 3rd period - Wrist shot by Jacob Trouba.
2:05 of 3rd period - Stopped by Jake Oettinger without a rebound.
2:06 of 3rd period - Tomas Hertl wins face-off versus Morgan Barron in Washington Capitals zone.
2:48 of 3rd period - Minor Penalty to Lars Eller for Tripping.
2:49 of 3rd period - Boone Jenner wins face-off versus Nico Hischier in Washington Capitals zone.
2:50 of 3rd period - Wrist shot by Jake DeBrusk.
2:50 of 3rd period - Stopped by Jake Oettinger without a rebound.
2:51 of 3rd period - Nico Hischier wins face-off versus Boone Jenner in Washington Capitals zone.
4:48 of 3rd period - Penalty to Lars Eller is over, Lars Eller is back on ice.
4:58 of 3rd period - Wrist shot by Tomas Hertl.
4:58 of 3rd period - Stopped by Juuse Saros with a rebound.
5:08 of 3rd period - Snap shot by Owen Tippett.
5:08 of 3rd period - Stopped by Juuse Saros without a rebound.
5:09 of 3rd period - Tanner Jeannot wins face-off versus Owen Tippett in Edmonton Oilers zone.
5:28 of 3rd period - Slapshot by Morgan Barron.
5:28 of 3rd period - Shot Misses the Net.
6:02 of 3rd period - Minor Penalty to Jamie Oleksiak for Holding.
6:03 of 3rd period - Boone Jenner wins face-off versus Sean Kuraly in Washington Capitals zone.
6:28 of 3rd period - Stefan Noesen is hit by Evan Bouchard and loses puck.
6:33 of 3rd period - Slapshot by Adrian Kempe.
6:33 of 3rd period - Shot Misses the Net.
6:35 of 3rd period - Snap shot by Brandon Carlo.
6:35 of 3rd period - Deflect By Brock Boeser.
6:35 of 3rd period - Stopped by Jake Oettinger with a rebound.
6:37 of 3rd period - Snap shot by Brock Boeser.
6:37 of 3rd period - Goal by Brock Boeser - Washington Capitals : 3 - Edmonton Oilers : 2.
6:38 of 3rd period - Nico Hischier wins face-off versus Brock Boeser in neutral zone.
6:43 of 3rd period - Snap shot by Alex Ovechkin.
6:43 of 3rd period - Stopped by Juuse Saros without a rebound.
6:44 of 3rd period - Nico Hischier wins face-off versus Ryan McLeod in Edmonton Oilers zone.
6:51 of 3rd period - Snap shot by Alex Ovechkin.
6:51 of 3rd period - Stopped by Juuse Saros with a rebound.
6:53 of 3rd period - Backhand shot by John Carlson.
6:53 of 3rd period - Stopped by Juuse Saros with a rebound.
6:55 of 3rd period - Wrist shot by Tom Wilson.
6:55 of 3rd period - Stopped by Juuse Saros with a rebound.
7:00 of 3rd period - Minor Penalty to Tom Wilson for Holding.
7:01 of 3rd period - Lars Eller wins face-off versus Boone Jenner in Washington Capitals zone.
7:51 of 3rd period - Brandon Carlo is hit by Nick Foligno and loses puck.
9:00 of 3rd period - Penalty to Tom Wilson is over, Tom Wilson is back on ice.
9:12 of 3rd period - Wrist shot by David Perron.
9:12 of 3rd period - Stopped by Jake Oettinger with a rebound.
9:14 of 3rd period - Wrist shot by Derek Ryan.
9:14 of 3rd period - Shot Misses the Net.
9:16 of 3rd period - Snap shot by Brett Pesce.
9:16 of 3rd period - Shot Blocked by Jamie Oleksiak.
9:22 of 3rd period - Minor Penalty to Tyler Myers for Tripping.
9:23 of 3rd period - Ryan McLeod wins face-off versus Sean Kuraly in Washington Capitals zone.
10:03 of 3rd period - Nick Foligno is hit by Jacob Trouba and loses puck.
10:21 of 3rd period - Off-side.
10:22 of 3rd period - Sean Kuraly wins face-off versus Ryan McLeod in neutral zone.
10:25 of 3rd period - Slapshot by John Carlson.
10:25 of 3rd period - Stopped by Juuse Saros with a rebound.
11:22 of 3rd period - Penalty to Tyler Myers is over, Tyler Myers is back on ice.
11:31 of 3rd period - Snap shot by David Perron.
11:31 of 3rd period - Stopped by Jake Oettinger without a rebound.
11:32 of 3rd period - Nico Hischier wins face-off versus Morgan Barron in Washington Capitals zone.
11:43 of 3rd period - Snap shot by Alex Ovechkin.
11:43 of 3rd period - Deflect By Morgan Barron.
11:43 of 3rd period - Stopped by Juuse Saros with a rebound.
12:11 of 3rd period - Jason Robertson is hit by Derek Ryan and loses puck.
12:26 of 3rd period - Sean Kuraly is hit by David Perron and loses puck.
12:39 of 3rd period - Slapshot by David Perron.
12:39 of 3rd period - Shot Blocked by Fabian Zetterlund.
12:55 of 3rd period - Wrist shot by Morgan Barron.
12:55 of 3rd period - Shot Misses the Net.
12:57 of 3rd period - Wrist shot by David Perron.
12:57 of 3rd period - Shot Misses the Net.
12:59 of 3rd period - Slapshot by Scott Mayfield.
12:59 of 3rd period - Stopped by Jake Oettinger with a rebound.
13:01 of 3rd period - Slapshot by Scott Mayfield.
13:01 of 3rd period - Deflect By David Perron.
13:01 of 3rd period - Shot Misses the Net.
13:01 of 3rd period - Puck is out of play.
13:02 of 3rd period - Ryan McLeod wins face-off versus Nico Hischier in Washington Capitals zone.
13:05 of 3rd period - Wrist shot by Adrian Kempe.
13:05 of 3rd period - Goal by Adrian Kempe - Washington Capitals : 3 - Edmonton Oilers : 3.
13:06 of 3rd period - Nico Hischier wins face-off versus Brock Boeser in neutral zone.
13:40 of 3rd period - Snap shot by Jake DeBrusk.
13:40 of 3rd period - Stopped by Jake Oettinger without a rebound.
13:41 of 3rd period - Tomas Hertl wins face-off versus Boone Jenner in Washington Capitals zone.
13:46 of 3rd period - Snap shot by Drake Batherson.
13:46 of 3rd period - Stopped by Juuse Saros without a rebound.
13:47 of 3rd period - Boone Jenner wins face-off versus Tomas Hertl in Edmonton Oilers zone.
14:12 of 3rd period - Brock Boeser is hit by Alex Ovechkin and loses puck.
14:18 of 3rd period - Icing by Adrian Kempe.
14:19 of 3rd period - Nico Hischier wins face-off versus Ryan McLeod in Edmonton Oilers zone.
14:38 of 3rd period - Wrist shot by Alex Ovechkin.
14:38 of 3rd period - Shot Misses the Net.
14:58 of 3rd period - Slapshot by Brock Boeser.
14:58 of 3rd period - Shot Blocked by Nick Jensen.
15:00 of 3rd period - Wrist shot by Adrian Kempe.
15:00 of 3rd period - Shot Misses the Net.
15:02 of 3rd period - Snap shot by Adrian Kempe.
15:02 of 3rd period - Stopped by Jake Oettinger without a rebound.
15:03 of 3rd period - Morgan Barron wins face-off versus Lars Eller in Washington Capitals zone.
15:04 of 3rd period - Snap shot by David Perron.
15:04 of 3rd period - Shot Hit the Post.
15:06 of 3rd period - Wrist shot by Morgan Barron.
15:06 of 3rd period - Stopped by Jake Oettinger with a rebound.
15:08 of 3rd period - Slapshot by Evan Bouchard.
15:08 of 3rd period - Deflect By John Carlson.
15:08 of 3rd period - Stopped by Jake Oettinger with a rebound.
15:10 of 3rd period - Snap shot by David Perron.
15:10 of 3rd period - Deflect By Morgan Barron.
15:10 of 3rd period - Stopped by Jake Oettinger with a rebound.
15:30 of 3rd period - Evan Bouchard is hit by Ian Cole and loses puck.
17:20 of 3rd period - Snap shot by Morgan Barron.
17:20 of 3rd period - Stopped by Jake Oettinger with a rebound.
17:22 of 3rd period - Slapshot by Jacob Trouba.
17:22 of 3rd period - Shot Misses the Net.
17:43 of 3rd period - Evan Bouchard is hit by Tom Wilson and loses puck.
17:59 of 3rd period - Minor Penalty to Adrian Kempe for Tripping.
18:00 of 3rd period - Tomas Hertl wins face-off versus Jake DeBrusk in Edmonton Oilers zone.
19:08 of 3rd period - Evan Bouchard is hit by Tom Wilson and loses puck.
19:31 of 3rd period - Drake Caggiula is hit by Jason Robertson and loses puck.
19:54 of 3rd period - Thomas Harley is hit by Ryan McLeod and loses puck.
19:59 of 3rd period - Penalty to Adrian Kempe is over, Adrian Kempe is back on ice.
Goals for this period are 0 for Washington Capitals vs 2 for Edmonton Oilers.
Shots for this period are 11 for Washington Capitals vs 15 for Edmonton Oilers.
Overtime #1
0:01 of 1st overtime period - Nico Hischier wins face-off versus Adrian Kempe in neutral zone.
0:06 of 1st overtime period - Wrist shot by Owen Tippett.
0:06 of 1st overtime period - Stopped by Juuse Saros with a rebound.
0:08 of 1st overtime period - Slapshot by John Carlson.
0:08 of 1st overtime period - Deflect By Adrian Kempe.
0:08 of 1st overtime period - Stopped by Juuse Saros with a rebound.
0:10 of 1st overtime period - Snap shot by Ian Cole.
0:10 of 1st overtime period - Stopped by Juuse Saros without a rebound.
0:11 of 1st overtime period - Tomas Hertl wins face-off versus Jake DeBrusk in Edmonton Oilers zone.
0:12 of 1st overtime period - Wrist shot by Jason Robertson.
0:12 of 1st overtime period - Stopped by Juuse Saros with a rebound.
0:20 of 1st overtime period - Snap shot by Jake DeBrusk.
0:20 of 1st overtime period - Shot Hit the Post.
0:22 of 1st overtime period - Wrist shot by Evan Bouchard.
0:22 of 1st overtime period - Stopped by Jake Oettinger without a rebound.
0:23 of 1st overtime period - Nico Hischier wins face-off versus Adrian Kempe in Washington Capitals zone.
0:36 of 1st overtime period - Snap shot by Nico Hischier.
0:36 of 1st overtime period - Goal by Nico Hischier - Washington Capitals : 4 - Edmonton Oilers : 3.
Goals for this period are 1 for Washington Capitals vs 0 for Edmonton Oilers.
Shots for this period are 5 for Washington Capitals vs 1 for Edmonton Oilers.
Back to the Top